 Dungeon Crawl Stone Soup version 0.30.0-29-ga12c61a403 (webtiles) character file.

Game seed: 5453722155682684292

64 qw the Chopper (level 4, -9/28 HPs)
             Began as a Gargoyle Fighter on June 4, 2023.
             Killed by divine providence
             ... invoked by an orc priest
              (12 damage)
             ... on level 4 of the Dungeon.
             The game lasted 00:01:10 (2271 turns).

qw the Chopper (Gargoyle Fighter)                   Turns: 2271, Time: 00:01:11

Health: -9/28      AC: 10    Str: 19 (21) XL:     4   Next: 12%
Magic:  4/4        EV:  9    Int:  7 (9)  God:
Gold:   167        SH:  4    Dex:  7 (9)  Spells: 3/3 levels left

rFire   . . .        Y - +2 war axe
rCold   . . .        c - +0 buckler
rNeg    + . .        b - +0 scale mail
rPois   inf          (no helmet)
rElec   +            (no cloak)
rCorr   .            (no gloves)
SInv    .            (no boots)
Will    .....        (no amulet) Stlth
                     (no ring)
HPRegen 0.24/turn    (no ring)
MPRegen 0.09/turn

%: no passive effects
@: no status effects
A: sickness immunity, AC +3, negative energy resistance 1, electricity
resistance, torment resistance 1, petrification resistance
a: no special abilities


You were on level 4 of the Dungeon.
You visited 1 branch of the dungeon, and saw 4 of its levels.

You collected 167 gold pieces.


Innate Abilities, Weirdness & Mutations

You are immune to sickness and miasma.
Your stone body is resilient. (AC +3)
You are immune to poison.
You resist negative energy. (rN+)
You are resistant to electric shocks. (rElec)
You are resistant to unholy torment.
You are immune to petrification.


   Skills:
 - Level 3.2 Fighting
 + Level 3.9 Axes
 - Level 3.2 Armour
 - Level 3.2 Shields


You had 3 spell levels left.
You didn't know any spells.
Your spell library was empty.

Inventory:

Hand Weapons
 k - a +0 whip
 Y - a +2 war axe (weapon)
Armour
 a - a +0 chain mail
 b - a +0 scale mail (worn)
 c - a +0 buckler (worn)
Scrolls
 h - 4 scrolls of teleportation
 i - a scroll of identify
 l - a scroll of torment {unknown}
Potions
 d - 2 potions of might
 e - 2 potions of lignification
 f - a potion of invisibility {unknown}
 g - a potion of haste
 j - a potion of heal wounds {unknown}
 m - a potion of magic {unknown}
 n - a potion of berserk rage {unknown}

Dungeon Overview and Level Annotations

Branches:
Dungeon (4/15)
 Temple: D:4-7

Altars:
Fedhas
Zin

Annotations:
D:4 1 transporter, qw's ghost, amateur GrFi


Message History

a - a +0 chain mail The quasit gives a chilling moan. x2
Qw's ghost turns its malevolent gaze towards you.
The quasit gives a chilling moan.
You hear a chilling moan.
l - a scroll labelled OGAAQO MAVURO An orc comes into view.
It is wielding a +3 mace.
The orc shouts!
An orc comes into view. It is wielding a +0 mace.
2258 ||| Stepping ~*~*~tactically~*~*~ (stealth).
An orc wizard comes into view. It is wielding a +4 dagger.
The orc wizard shouts!
2260 ||| Stepping ~*~*~tactically~*~*~ (hiding).
You start waiting.
An orc is nearby!
You closely miss the orc. The orc hits you with a +3 mace.
You closely miss the orc. The orc hits you with a +3 mace.
The orc hits you with a +3 mace!
You slash the orc!
You kill the orc!
You closely miss the orc wizard.
The orc wizard hits you but does no damage. x2
You completely miss the orc wizard.
The orc wizard hits you but does no damage.
You completely miss the orc wizard. You slash the orc!
You kill the orc!
An orc priest comes into view. It is wielding a +0 short sword.
The orc wizard hits you but does no damage.
You feel your strength returning.
You barely miss the orc wizard.
The orc wizard hits you with a +4 dagger.
You closely miss the orc priest. You closely miss the orc wizard.
The orc wizard closely misses you. The orc priest completely misses you.
You barely miss the orc priest. You barely miss the orc wizard.
The orc priest calls down the wrath of Beogh upon you.
You are unaffected.
The orc wizard hits you with a +4 dagger. x2
The orc priest calls down the wrath of Beogh upon you.
Beogh smites you!
You die...

#.. .. .. #.#..###o#
########.#.....o.
####......#.#......##
................. o.
##.......#..... .#
##.......#..##+###.######
...............#@o.......
##^###...#..##..o).......
###5##..#..##...........
...##....##..####..###
#W..5#.#..##..+ ###
5##.?#........# ..
..#...#...## . .##....#.#
###.#


You could see an orc priest and an orc wizard.

Vanquished Creatures
  2 worms
  A dart slug (D:1)
  3 orcs
  4 endoplasms
  5 giant cockroaches
  8 goblins
  2 hobgoblins
  3 kobolds (D:1)
  3 quokkas
  7 ball pythons
  3 bats
  5 frilled lizards
  4 rats
50 creatures vanquished.

Notes
Turn   | Place    | Note
-------+----------+-------------------------------------------
     0 | D:1      | qw the Gargoyle Fighter began the quest for the Orb.
     0 | D:1      | Reached XP level 1. HP: 14/14 MP: 1/1
     0 | D:1      | 0 ||| qw: Version: 0.2-a-106-g05974ce
     0 | D:1      | 0 ||| qw: Game counter: 1150
     0 | D:1      | 0 ||| qw: Always use a shield: true
     0 | D:1      | 0 ||| qw: God list: Okawaru
     0 | D:1      | 0 ||| qw: Allow faded altars: false
     0 | D:1      | 0 ||| qw: Do Orc after D:15 true
     0 | D:1      | 0 ||| qw: Do second Lair branch before Depths: true
     0 | D:1      | 0 ||| qw: Lair rune preference: random
     0 | D:1      | 0 ||| qw: Plans: Normal, Zot:1-4, Slime:5, God:TSO, Crypt,
                  | Tomb, Abyss, Pan, Hells, Win
     0 | D:1      | 0 ||| PLANNING D:1-11
    54 | D:1      | Reached XP level 2. HP: 19/19 MP: 2/2
   234 | D:1      | 234 ||| DROPPING +0 club.
   280 | D:1      | Reached skill level 3 in Axes
   406 | D:1      | Reached XP level 3. HP: 23/23 MP: 3/3
   525 | D:1      | 525 ||| Stepping ~*~*~tactically~*~*~ (hiding).
   865 | D:1      | Noticed a great orb of eyes
   878 | D:1      | Noticed a floating eye
   881 | D:1      | Found a faded altar of an unknown god.
   883 | D:1      | Noticed a golden eye
   883 | D:1      | Noticed a great orb of eyes
   943 | D:1      | 943 ||| READING scroll labelled HATIMI WIBAFYD.
   944 | D:1      | 944 ||| READING 2 scrolls labelled AREODA XOUPT.
   945 | D:1      | 945 ||| READING 2 scrolls labelled BAITEL XOICESM.
   946 | D:1      | 946 ||| READING scroll of enchant weapon.
   946 | D:1      | 946 ||| ENCHANTING +1 war axe.
   947 | D:1      | 947 ||| DRINKING 2 pink potions.
   948 | D:1      | 948 ||| DROPPING potion of brilliance.
   949 | D:1      | 949 ||| DROPPING scroll of butterflies.
  1436 | D:2      | 1436 ||| READING scroll labelled TOZIYTS SEHAPP.
  1437 | D:2      | 1437 ||| READING scroll labelled ILOUL RENAPNE.
  1438 | D:2      | 1438 ||| READING scroll labelled ATAT VI SANU.
  1442 | D:2      | 1442 ||| READING scroll labelled KAXTISUDOKH.
  1443 | D:2      | 1443 ||| DRINKING 2 golden potions.
  1444 | D:2      | 1444 ||| DRINKING 2 black potions.
  1445 | D:2      | 1445 ||| DROPPING potion of degeneration.
  1486 | D:3      | Found a blossoming altar of Fedhas.
  1565 | D:3      | Found a glowing silver altar of Zin.
  2063 | D:3      | Reached XP level 4. HP: 28/28 MP: 4/4
  2069 | D:3      | 2069 ||| READING scroll labelled FEMNOONUNI.
  2070 | D:3      | 2070 ||| DRINKING 3 sedimented sapphire potions.
  2141 | D:4      | 2141 ||| STAIRDANCE
  2145 | D:4      | 2145 ||| STAIRDANCE
  2149 | D:4      | 2149 ||| STAIRDANCE
  2153 | D:4      | 2153 ||| STAIRDANCE
  2157 | D:4      | 2157 ||| STAIRDANCE
  2161 | D:4      | 2161 ||| STAIRDANCE
  2165 | D:4      | 2165 ||| STAIRDANCE
  2169 | D:4      | 2169 ||| STAIRDANCE
  2173 | D:4      | 2173 ||| STAIRDANCE
  2177 | D:4      | 2177 ||| STAIRDANCE
  2181 | D:4      | 2181 ||| STAIRDANCE
  2185 | D:4      | 2185 ||| STAIRDANCE
  2189 | D:4      | 2189 ||| STAIRDANCE
  2193 | D:4      | 2193 ||| STAIRDANCE
  2197 | D:4      | 2197 ||| STAIRDANCE
  2201 | D:4      | 2201 ||| STAIRDANCE
  2205 | D:4      | 2205 ||| STAIRDANCE
  2209 | D:4      | 2209 ||| STAIRDANCE
  2213 | D:4      | 2213 ||| STAIRDANCE
  2217 | D:4      | 2217 ||| STAIRDANCE
  2221 | D:4      | Found a transporter.
  2242 | D:4      | Noticed qw's ghost (amateur GrFi)
  2258 | D:4      | 2258 ||| Stepping ~*~*~tactically~*~*~ (stealth).
  2260 | D:4      | 2260 ||| Stepping ~*~*~tactically~*~*~ (hiding).
  2271 | D:4      | HP: 3/28 [orc wizard/+4 dagger (5)]
  2271 | D:4      | Killed from afar by an orc priest

Levels and vault maps discovered:
D:1:      dpeg_arrival_brainrot, layout_basic,
          hellmonk_ecumenical_altar_watching_god
D:2:      layout_basic
D:3:      layout_basic, nicolae_overflow_hidden_temple, minmay_misc_feat_pillars
D:4:      corexii_shantytown, layout_basic, gammafunk_ghost_stat_death

Skill      XL: |  1  2 |
---------------+-------+-----
Axes           | 2 3 |  3.9
Fighting       | |  3.2
Armour         | |  3.2
Shields        | |  3.2

Action                     |  1- 3 |  4- 6 || total
---------------------------+-------+-------++-------
  Melee: War axe           |   112 |     9 ||   121
    Use: Scroll            |     8 |     1 ||     9
         Potion            |     3 |     1 ||     4
 Armour: Scale mail        |    43 |     4 ||    47
  Dodge: Dodged            |    41 |     2 ||    43
  Block: Buckler           |    17 |       ||    17

Table legend:
 A = Non-vault XP
 B = Vault XP
 C = Vault XP percentage of total XP
 D = Non-vault monster count
 E = Vault monster count
 F = Vault count percentage of total count
                 A         B        C        D         E       F
            +---------+---------+-------+---------+---------+-------
      Total |      87 |       5 |   5.4 |      49 |       1 |   2.0
            +---------+---------+-------+---------+---------+-------
        D:1 |      43 |       5 |  10.4 |      26 |       1 |   3.7
        D:2 |       5 |       0 |   0.0 |       4 |       0 |   0.0
        D:3 |      33 |       0 |   0.0 |      17 |       0 |   0.0
        D:4 |       6 |       0 |   0.0 |       2 |       0 |   0.0
            +---------+---------+-------+---------+---------+-------
